 Dungeon Crawl Stone Soup version 0.25-a0-701-gb30f108 (webtiles) character file.

Game seed: 9676716782894043256, levelgen mode: deterministic

3263 Faca the Spear-Bearer (level 10, -3/85 (86) HPs)
             Began as a Merfolk Gladiator on Apr 3, 2020.
             Was an Elder of Okawaru.
             Slain by Joseph
             ... wielding a +0 quarterstaff of protection
              (26 damage)
             ... on level 6 of the Dungeon.
             The game lasted 00:15:41 (8138 turns).

Faca the Spear-Bearer (Merfolk Gladiator)           Turns: 8138, Time: 00:15:42

HP:   -3/85 (86)    AC: 11    Str: 18    XL:     10   Next: 0%
MP:   10/10         EV: 11    Int:  8    God:    Okawaru [****..]
Gold: 391           SH:  5    Dex: 15    Spells: 9/9 levels left

rFire    . . .     SeeInvis .   a - +1 trident
rCold    . . .     Gourm    .   v - +0 buckler
rNeg     + . .     Faith    .   n - +2 scale mail {rN+}
rPois    .         Spirit   .   c - +1 helmet
rElec    .         Reflect  +   o - +0 cloak
rCorr    .         Harm     .   (no gloves)
MR       .....                  (no boots)
Stlth    ..........             x - +2 amulet of reflection
HPRegen  0.24/turn              (no ring)
MPRegen  0.12/turn              (no ring)

@: no status effects
A: change form in water, swift swim, stealthy swim
a: Heroism, Renounce Religion


You were on level 6 of the Dungeon.
You worshipped Okawaru.
Okawaru was greatly pleased with you.
You were hungry.

You visited 2 branches of the dungeon, and saw 8 of its levels.

You collected 391 gold pieces.

Inventory:

Hand Weapons
 a - a +1 trident (weapon)
Missiles
 b - 71 poisoned darts
 d - 5 throwing nets (quivered)
 l - 7 javelins
Armour
 c - a +1 helmet (worn)
 n - a +2 scale mail of positive energy (worn)
 o - a +0 cloak (worn)
 v - a +0 buckler (worn)
Jewellery
 x - a +2 amulet of reflection (around neck)
Wands
 i - a wand of flame (13)
 w - a wand of enslavement (10)
Scrolls
 m - 5 scrolls of remove curse
 q - a scroll of enchant armour
 r - a scroll of enchant weapon
Potions
 e - 3 potions of haste
 g - 6 potions of flight
 h - 3 potions of lignification
 j - 5 potions of curing
 k - a potion of degeneration {unknown}
 p - 2 potions of mutation
 s - a potion of heal wounds
 t - a potion of berserk rage
 u - a potion of resistance {unknown}
 z - a potion of might {unknown}
Comestibles
 f - 14 rations


   Skills:
 + Level 10.7 Fighting
 + Level 13.8 Polearms
 - Level 2.0 Throwing
 - Level 4.0 Dodging


You had 9 spell levels left.
You didn't know any spells.
Your spell library was empty.

Dungeon Overview and Level Annotations

Branches:
Dungeon (7/15)             Temple (1/1) D:6

Altars:
Dithmenos
Elyvilon
Fedhas
Kikubaaqudgha
Okawaru
Sif Muna
Trog
Xom
Yredelemnul

Shops:
D:6 !

Annotations:
D:6 Joseph


Message History

Joseph hits you with a +0 quarterstaff of protection!
You climb upwards.
You are feeling hungry.
There is a stone staircase leading down, spattered with blood here.
You block Joseph's attack.
Things that are here:
7 arrows; a +0 shortbow; a +0 whip Joseph hits you with a +0 quarterstaff of protection!
Joseph hits you with a +0 quarterstaff of protection!
Joseph barely misses you.
There is an open door here.
Joseph closely misses you.
Joseph hits you with a +0 quarterstaff of protection.
Joseph hits you but does no damage. Joseph barely misses you.
Joseph hits you with a +0 quarterstaff of protection!
* * * LOW HITPOINT WARNING * * *
There is an open door here.
Joseph hits you with a +0 quarterstaff of protection!!
You die...

.....................#....# #
.....................#....# #
##...................'....# #
.#...................#....# #
.#...................#....# #
.#...................#....# #
'#..............(.)..############
.........#######.)>..............
.........#.....#@).(...........<.
.........#.....@.................
...[.....#.....#.................
.........#.....#.....)![.........
.........#...###......)..........
####.>...#...####'#########.....#
#.....#.........# #.....#
#.....#.........# #.....#
#.....#.........# #.....#


You could see Joseph (berserk).

Vanquished Creatures
  Prince Ribbit (D:5)
  Eustachio (D:5)
  Duvessa (D:4)
  Purgy (D:4)
  3 ice beasts
  2 sky beasts
  A black bear (D:6)
  A necrophage (D:7)
  A phantom (D:4)
  4 ogres
  2 centaurs
  Blork the orc (D:6)
  A gnoll sergeant (D:7)
  A bullfrog (D:4)
  Dowan (D:4)
  A scorpion (D:5)
  3 killer bees (D:7)
  A howler monkey (D:6)
  2 hounds (D:6)
  2 orc wizards
  Crazy Yiuf (D:3)
  A gnoll shaman (D:6)
  2 orc priests
  A bullfrog skeleton (D:7)
  Terence (D:2)
  Jessica (D:2)
  2 iguanas
  Ijyb (D:3)
  Natasha (thrice) (D:4)
  8 worker ants
  2 hound zombies (D:6)
  3 hound skeletons
  3 worker ant zombies
  Robin (D:2)
  4 adders
  16 gnolls
  An ooze (D:4)
  An adder skeleton (D:4)
  A worm (D:2)
  5 leopard geckos
  10 orcs
  4 bats
  5 giant cockroaches
  9 hobgoblins
  5 jackals
  A quokka (D:4)
  2 ball pythons
  8 frilled lizards
  13 goblins
  6 kobolds
  2 quokka skeletons
  7 rats
161 creatures vanquished.

Vanquished Creatures (others)
  A goblin (D:2)
1 creature vanquished.

Grand Total: 162 creatures vanquished

Notes
Turn   | Place    | Note
-------+----------+-------------------------------------------
     0 | D:1      | Faca the Merfolk Gladiator began the quest for the Orb.
     0 | D:1      | Reached XP level 1. HP: 16/16 MP: 1/1
    44 | D:1      | Reached XP level 2. HP: 14/23 MP: 2/2
   241 | D:1      | Reached skill level 5 in Polearms
   946 | D:1      | Reached XP level 3. HP: 26/29 MP: 3/3
  1123 | D:2      | Noticed Robin
  1603 | D:2      | Killed Robin
  1764 | D:2      | Reached XP level 4. HP: 33/37 MP: 4/4
  1861 | D:2      | Noticed Jessica
  1875 | D:2      | Killed Jessica
  1875 | D:2      | Reached skill level 6 in Polearms
  2028 | D:2      | Noticed Terence
  2046 | D:2      | Killed Terence
  2046 | D:2      | Reached XP level 5. HP: 33/42 MP: 5/5
  2666 | D:3      | Found a blossoming altar of Fedhas.
  2973 | D:3      | Found an iron altar of Okawaru.
  2978 | D:3      | Became a worshipper of Warmaster Okawaru
  3081 | D:3      | Noticed Ijyb
  3107 | D:3      | Killed Ijyb
  3248 | D:3      | Found a runed translucent door.
  3249 | D:3      | Noticed Crazy Yiuf
  3256 | D:3      | Killed Crazy Yiuf
  3256 | D:3      | Reached skill level 7 in Polearms
  3475 | D:4      | Noticed Purgy
  3502 | D:4      | Killed Purgy
  3502 | D:4      | Reached skill level 5 in Fighting
  3502 | D:4      | Reached XP level 6. HP: 24/51 MP: 6/6
  3693 | D:4      | Found a white marble altar of Elyvilon.
  3703 | D:4      | Noticed a sky beast
  3724 | D:4      | Killed a sky beast
  3724 | D:4      | Reached skill level 8 in Polearms
  3844 | D:4      | Reached XP level 7. HP: 58/58 MP: 7/7
  3895 | D:4      | Reached * piety under Okawaru
  3959 | D:4      | Noticed Natasha
  3969 | D:4      | Killed Natasha
  3974 | D:4      | Noticed Natasha
  3979 | D:4      | Killed Natasha
  4164 | D:4      | Noticed Natasha
  4170 | D:4      | Killed Natasha
  4170 | D:4      | Reached skill level 9 in Polearms
  4796 | D:4      | Reached XP level 8. HP: 64/67 MP: 8/8
  4883 | D:4      | Found a bloodstained altar of Trog.
  5007 | D:4      | Reached skill level 10 in Polearms
  5174 | D:5      | Entered Level 5 of the Dungeon
  5175 | D:5      | Noticed Duvessa
  5177 | D:5      | Noticed Dowan
  5344 | D:4      | Killed Duvessa
  5355 | D:4      | Killed Dowan
  5552 | D:5      | Reached ** piety under Okawaru
  5716 | D:5      | Reached skill level 11 in Polearms
  5718 | D:5      | Noticed Prince Ribbit
  5784 | D:5      | Killed Prince Ribbit
  5899 | D:5      | Found a shimmering altar of Xom.
  5912 | D:5      | Reached XP level 9. HP: 75/75 MP: 9/9
  6123 | D:5      | Noticed Eustachio
  6138 | D:5      | Killed Eustachio
  6138 | D:5      | Reached skill level 12 in Polearms
  6284 | D:6      | Reached *** piety under Okawaru
  6529 | D:6      | Found an ancient bone altar of Kikubaaqudgha.
  6541 | D:6      | Found a shadowy altar of Dithmenos.
  6732 | D:6      | Found Kedujam's Distillery.
  6747 | D:6      | Noticed Blork the orc
  6756 | D:6      | Killed Blork the orc
  6758 | D:6      | Found a staircase to the Ecumenical Temple.
  6767 | Temple   | Entered the Ecumenical Temple
  6915 | D:6      | Reached skill level 10 in Fighting
  6915 | D:6      | Reached skill level 13 in Polearms
  7759 | D:7      | Reached **** piety under Okawaru
  7843 | D:7      | Noticed Joseph
  8116 | D:7      | Reached XP level 10. HP: 85/85 MP: 10/10
  8138 | D:6      | Slain by Joseph

Levels and vault maps discovered:
D:1:      minmay_arrival_four_loops, layout_basic
D:2:      layout_loops_ring, nicolae_underground_beach, uniq_jessica,
          uniq_robin, uniq_terence
D:3:      kennysheep_big_flooded_room, layout_loops_corners,
          lemuel_doored_altar, fedhas_altar_3, serial_bayou_pond_a,
          uniq_crazy_yiuf_cottage, uniq_ijyb
D:4:      layout_loops_ring, elyvilon_altar_4, old_standard_altar, uniq_natasha,
          uniq_purgy
D:5:      layout_gridville, xom_teletrap_fun, first_ration, hex_medium,
          uniq_duvessa, uniq_prince_ribbit1, uniq_eustachio
D:6:      layout_gridville, minitemple, minmay_temple_entry_butterflies,
          serial_shops, kennysheep_mini, uniq_blork_the_orc
D:7:      layout_cave_pools, nicolae_tso_besieged_by_evil,
          corexii_leaking_fountain, uniq_joseph
Temple:   hc_temple_tempest_star

Skill      XL: |  1  2  3  4  5  6  7  8  9 |
---------------+----------------------------+-----
Polearms       | 5 6 7 8 9 11 13 | 13.8
Fighting       | 3 4 5 6 7 8 10 | 10.7
Throwing       | |  2.0
Dodging        | |  4.0

Action                   |  1- 3 |  4- 6 |  7- 9 | 10-12 || total
-------------------------+-------+-------+-------+-------++-------
Melee: Trident           |   112 |   162 |   523 |     3 ||   800
Throw: Throwing net      |       |       |     4 |       ||     4
Invok: Heroism           |       |       |     1 |       ||     1
  Use: Scroll            |     3 |     3 |    12 |       ||    18
       Potion            |       |       |     1 |       ||     1
 Stab: Held in net/web   |       |       |     1 |       ||     1
  Eat: Chunk             |     3 |     6 |    14 |       ||    23
Armor: Leather armour    |    11 |       |       |       ||    11
       Ring mail         |    14 |     5 |       |       ||    19
       Scale mail        |       |    61 |   165 |     1 ||   227
Dodge: Dodged            |    85 |    99 |   227 |     3 ||   414
Block: Buckler           |       |       |     5 |     1 ||     6
       Reflection        |       |       |     1 |       ||     1

Table legend:
 A = Non-vault XP
 B = Vault XP
 C = Vault XP percentage of total XP
 D = Non-vault monster count
 E = Vault monster count
 F = Vault count percentage of total count
                 A         B        C        D         E       F
            +---------+---------+-------+---------+---------+-------
      Total |    3492 |    1170 |  25.1 |     137 |      24 |  14.9
            +---------+---------+-------+---------+---------+-------
        D:1 |      37 |       6 |  14.0 |      23 |       4 |  14.8
        D:2 |      34 |     101 |  74.8 |      13 |       9 |  40.9
        D:3 |      65 |      81 |  55.5 |      13 |       4 |  23.5
        D:4 |     787 |     400 |  33.7 |      25 |       4 |  13.8
        D:5 |     618 |     491 |  44.3 |      16 |       2 |  11.1
        D:6 |    1169 |      91 |   7.2 |      32 |       1 |   3.0
        D:7 |     782 |       0 |   0.0 |      15 |       0 |   0.0
            +---------+---------+-------+---------+---------+-------
